 Dungeon Crawl Stone Soup version 0.22.1-1-ga44c0e56f4 (webtiles) character file.

42 Nebulos the Firebug (level 3, -1/19 HPs)
             Began as a Deep Elf Fire Elementalist on Sept 20, 2018.
             Was an Initiate of Vehumet.
             Slain by an adder (5 damage)
             ... on level 2 of the Dungeon.
             The game lasted 00:05:03 (1302 turns).

Nebulos the Firebug (Deep Elf Fire Elementalist)    Turns: 1302, Time: 00:05:05

Health: -1/19      AC:  2    Str:  5    XL:     3   Next: 35%
Magic:  1/9        EV: 13    Int: 20    God:    Vehumet [......]
Gold:   77         SH:  0    Dex: 17    Spells: 5/9 levels left

rFire    . . .     SeeInvis .   (no weapon)
rCold    . . .     Gourm    .   (no shield)
rNeg     . . .     Faith    .   a - +0 robe
rPois    .         Spirit   .   (no helmet)
rElec    .         Reflect  .   (no cloak)
rCorr    .         Harm     .   (no gloves)
MR       .....                  (no boots)
Stlth    ++........             (no amulet)
HPRegen  0.06/turn              k - ring of flight
MPRegen  0.11/turn              (no ring)

@: lethally poisoned (-1 -> -7)
A: agile 1, low mp 1
a: Renounce Religion, Evoke Flight


You were on level 2 of the Dungeon.
You worshipped Vehumet.
Vehumet was noncommittal.
You were very hungry.

You visited 1 branch of the dungeon, and saw 2 of its levels.

You collected 77 gold pieces.

Inventory:

Hand Weapons
 n - a +4 dagger of venom
Armour
 a - a +0 robe (worn)
Jewellery
 k - a ring of flight (left hand)
Scrolls
 d - 2 scrolls of enchant weapon {unknown}
 g - a scroll of magic mapping
 h - 2 scrolls of remove curse
 l - a scroll of enchant armour {unknown}
Potions
 e - a potion of berserk rage {unknown}
 f - a potion of lignification
 m - a potion of magic {unknown}
Comestibles
 c - 4 rations


   Skills:
 + Level 0.1 Fighting
 + Level 2.6 Dodging
 - Level 2.6 Stealth
 + Level 3.6 Spellcasting
 * Level 1.6 Conjurations
 + Level 4.1 Fire Magic


You had 5 spell levels left.
You knew the following spells:

 Your Spells              Type           Power        Failure   Level  Hunger
a - Flame Tongue          Conj/Fire      ###..        4%          1    None
b - Conjure Flame         Conj/Fire      ###.....     12%         3    ###....

Your spell library contained the following spells:

 Spells                   Type           Power        Failure   Level  Hunger
 Throw Flame              Conj/Fire      ###...       6%          2    ##.....
 Inner Flame              Hex/Fire       ##......     17%         3    ###....
 Sticky Flame             Conj/Fire      ###.....     38%         4    ####...
 Fireball                 Conj/Fire      ###.......   75%         5    ######.


Dungeon Overview and Level Annotations

Branches:
Dungeon (2/15)

Altars:
Vehumet


Innate Abilities, Weirdness & Mutations

You are agile. (Dex +2)
Your magical capacity is low. (-10% MP)


Message History

You feel sick. The adder misses you.
It was a potion of mutation.
You feel extremely strange.
You feel less energetic.
You feel agile.
* * * LOW HITPOINT WARNING * * *
You feel sick. The adder closely misses you.
It was a potion of lignification.
You turn into a tree.
Your +0 robe melds into your body.
Your roots penetrate the ground.
You feel sick. The adder bites you but does no damage.
It was a potion of agility.
You feel agile all of a sudden.
The adder bites you but does no damage. x2
It was a potion of cancellation.
Your magical effects are unravelling.
You feel magically purged.
You feel less wooden.
Your +0 robe unmelds from your body.
You feel a little less agile now. The adder bites you.
You die...

#########.. ..........#
.####.##..##########.#
.# #.................
.#######..###..#####.#
.....###..##.....#
.)........##..†#.#
###..####.##...#.# #..#
#.##...#@# #..#
#.##...#S###.# .. #..#
#............# #. ##..#
####...#.###.## #.
#...#######...#.##.# .
#. #.............#.#.#
.## ..
#.§.§.#####..##..## ##.#
#.
#.§_..#####..####.###..#
#.
#.....#............#.#.#
#.


You could see an adder.

Vanquished Creatures
  An adder (D:2)
  A leopard gecko (D:1)
  A giant cockroach (D:1)
  7 goblins
  4 hobgoblins (D:1)
  3 kobolds
  A quokka (D:2)
  A ball python (D:1)
  6 bats
  5 rats
30 creatures vanquished.

Notes
Turn   | Place    | Note
-------+----------+-------------------------------------------
     0 | D:1      | Nebulos the Deep Elf Fire Elementalist began the quest for
                  | the Orb.
     0 | D:1      | Reached XP level 1. HP: 10/10 MP: 6/6
   141 | D:1      | Reached XP level 2. HP: 12/15 MP: 2/8
   561 | D:1      | Reached skill level 4 in Fire Magic
   868 | D:2      | Found a radiant altar of Vehumet.
   880 | D:2      | Became a worshipper of Vehumet
   919 | D:2      | Reached XP level 3. HP: 18/19 MP: 3/9
  1052 | D:2      | Learned a level 3 spell: Conjure Flame
  1298 | D:2      | Gained mutation: Your magical capacity is low. (-10% MP)
                  | [potion of mutation]
  1298 | D:2      | Gained mutation: You are agile. (Dex +2) [potion of
                  | mutation]
  1302 | D:2      | Slain by an adder

Skill      XL: |  1  2 |
---------------+-------+-----
Fire Magic     | 4 |  4.1
Fighting       | |  0.1
Dodging        | |  2.6
Stealth        | |  2.6
Spellcasting   | |  3.6
Conjurations   | |  1.6

Action                   || total
-------------------------++-------
Melee: Unarmed           ||    13
       Hand axe          ||     2
 Cast: Flame Tongue      ||    60
  Use: Scroll            ||     2
       Potion            ||     4
 Stab: Sleeping          ||     1
Armor: Robe              ||     8
       Skin              ||     3
Dodge: Dodged            ||    34
